AoeStats
← josiahkane

Golden Pit

507707705Analyzed
1v1 RM · 15d ago on Sep 19, 2026· 29m 9s· 2 players
Game mode
Random Map
Map size
Tiny (2 player)
Population
200
Speed
Normal
Resources
Standard
Victory
Conquest
Starting age
Dark Age
Ending age
Imperial Age
RankedLock teamsTeams togetherTeam positionsShared explorationLock speedFull tech treeHidden civsTurbo modeCheats
Victory
Defeat
🇲🇾 Vietnamese · Malaysia
900
+17
🇬🇧 Bohemians · United Kingdom
919
-17
twenty6
10:11 Feudal Age
11:36 Wheelbarrow
10:49 Double-Bit Axe
15:56 Fletching
16:07 Padded Archer Armor
24:29 Castle Age
23:12 Bloodlines
25:06 Scale Barding Armor
25:12 Forging
25:07 Light Cavalry
25:47 Husbandry
26:47 Crossbowman
29:07 Iron Casting
29:05 Bodkin Arrow
josiahkane
11:19 Feudal Age
12:21 Double-Bit Axe
18:58 Castle Age
18:16 Padded Archer Armor
19:23 Fletching
24:14 Loom
Connection lost

Rejoining the realm…

Still unreachable

The connection could not be restored.

Session expired

The server has moved on; the page needs a fresh start.